AoeStats
← E-d-d-i-e91G

Nomad

507904383Analyzed
2v2 RM · 14d ago on Sep 20, 2026· 94m 40s· 4 players
Game mode
Random Map
Map size
176×176
Population
200
Speed
Normal
Resources
Standard
Victory
Conquest
Starting age
Dark Age
Ending age
Imperial Age
RankedLock teamsTeams togetherTeam positionsShared explorationLock speedFull tech treeHidden civsTurbo modeCheats
Victory
Defeat
🇨🇱 Turks · Chile
491
+13
🇯🇵 Armenians · Japan
411
+17
🇦🇺 Spanish · Australia
433
-15
🇦🇺 Celts · Australia
431
-15
du8yn5
4:37 Loom
15:22 Feudal Age
16:40 Wheelbarrow
17:01 Town Watch
17:21 Double-Bit Axe
17:20 Horse Collar
19:49 Stone Mining
19:55 Gold Mining
27:34 Castle Age
25:41 Fletching
25:54 Padded Archer Armor
26:05 Forging
28:46 Hand Cart
29:07 Town Patrol
29:11 Caravan
29:27 Bow Saw
30:47 Heavy Plow
31:32 Gold Shaft Mining
34:56 Bodkin Arrow
35:18 Leather Archer Armor
38:48 Redemption
39:04 Sanctity
42:46 Imperial Age
43:17 Iron Casting
42:44 Scale Mail Armor
43:14 Masonry
43:00 Murder Holes
43:26 Ballistics
44:20 Bracer
45:27 Chemistry
45:15 Elite Composite Bowman
48:48 Fereters
50:08 Ring Archer Armor
49:54 Chain Mail Armor
50:41 Blast Furnace
52:34 Arson
52:50 Squires
52:36 Gambesons
52:12 Man-at-Arms
52:13 Pikeman
53:28 Plate Mail Armor
61:42 Halberdier
61:42 Long Swordsman
66:43 Two-Handed Swordsman
67:35 Champion
87:50 Spies/Treason
93:37 Hoardings
93:50 Medium Warships
Kiddtobvl
18:13 Feudal Age
25:41 Castle Age
32:36 Scale Barding Armor
32:42 Forging
34:30 Man-at-Arms
37:38 Iron Casting
41:12 Long Swordsman
45:48 Imperial Age
45:07 Squires
48:24 Elite Janissary
50:46 Two-Handed Swordsman
57:57 Chain Barding Armor
58:38 Blast Furnace
61:33 Cavalier
86:43 Spies/Treason
E-d-d-i-e91G
20:09 Feudal Age
19:13 Loom
20:35 Fishing Lines
23:06 Bloodlines
25:25 Wheelbarrow
24:37 Town Watch
29:41 Padded Archer Armor
29:52 Scale Barding Armor
29:38 Fletching
29:24 Man-at-Arms
32:42 Castle Age
33:43 Hand Cart
35:56 Coinage
35:47 Squires
35:53 Husbandry
36:54 Double-Bit Axe
36:55 Horse Collar
37:11 Gillnets
37:36 Medium Warships
39:06 Town Patrol
40:45 Bodkin Arrow
41:12 Chain Barding Armor
41:06 Forging
47:51 Imperial Age
50:32 Chemistry
49:54 Ballistics
49:46 Clinker Construction
51:35 Heavy Warships
61:14 Cavalier
IAMASTROMAN9714
15:15 Feudal Age
16:31 Double-Bit Axe
16:30 Fishing Lines
17:56 Wheelbarrow
24:52 Gold Mining
29:18 Castle Age
28:01 Scale Barding Armor
29:14 Forging
29:09 Scale Mail Armor
31:05 Caravan
31:53 Gold Shaft Mining
31:10 Horse Collar
32:16 Loom
36:23 Bow Saw
39:25 Heavy Plow
40:43 Gillnets
40:42 Man-at-Arms
41:08 Gambesons
41:14 Gambesons
44:10 Imperial Age
46:19 Chemistry
50:06 Guilds
49:22 Heavy Scorpion
49:56 Stone Mining
50:24 Long Swordsman
51:22 Husbandry
51:28 Demolition Ship
53:01 Two-Handed Swordsman
57:12 Hand Cart
57:26 Ballistics
57:50 Iron Casting
68:57 Fervor
69:09 Sanctity
Connection lost

Rejoining the realm…

Still unreachable

The connection could not be restored.

Session expired

The server has moved on; the page needs a fresh start.